 Dungeon Crawl Stone Soup version 0.31-a0-889-g1a8549509d (webtiles) character file.

Game seed: 6809001701948853766

41 retardedninja the Firebug (level 3, 0/20 HPs)
             Began as a Gargoyle Fire Elementalist on Oct 16, 2023.
             Killed by divine providence
             ... invoked by an orc priest
              (14 damage)
             ... on level 2 of the Dungeon.
             The game lasted 00:02:04 (1554 turns).

retardedninja the Firebug (GrFE)                    Turns: 1554, Time: 00:02:05

Health: 0/20       AC:  5    Str: 11    XL:     3   Next: 52%
Magic:  1/6        EV: 11    Int: 17    God:
Gold:   94         SH:  0    Dex: 10    Spells: 5/6 levels left

rFire   . . .        c - +0 spear
rCold   . . .        (no shield)
rNeg    + . .        a - +0 robe
rPois   ∞            (no helmet)
rElec   +            (no cloak)
rCorr   .            (no gloves)
SInv    .            (no boots)
Will    .....        (no amulet)
Stlth   ++           (no ring)
HPRegen 0.23/turn    (no ring)
MPRegen 0.10/turn

%: no passive effects
@: no status effects
A: sickness immunity, AC +3, negative energy resistance 1, electricity
resistance, torment resistance 1, petrification resistance
a: no special abilities


You were on level 2 of the Dungeon.
You visited 1 branch of the dungeon, and saw 2 of its levels.

You collected 94 gold pieces.

Inventory:

Hand Weapons
 c - a +0 spear (weapon)
Armour
 a - a +0 robe (worn)
Jewellery
 b - a ring of flight
Scrolls
 e - 2 scrolls of immolation {unknown}
 f - a scroll of vulnerability {unknown}
 g - a scroll of acquirement {unknown}
 h - a scroll of identify {unknown}
 i - a scroll of revelation {unknown}
 j - 2 scrolls of blinking {unknown}
 m - a scroll of noise {unknown}
Potions
 d - 3 potions of heal wounds {unknown}
 k - a potion of berserk rage {unknown}
 l - a potion of cancellation {unknown}


   Skills:
 + Level 1.2 Fighting
 - Level 1.5 Dodging
 - Level 2.2 Stealth
 + Level 2.3 Spellcasting
 + Level 1.9 Conjurations
 + Level 3.3 Fire Magic
 + Level 0.8 Air Magic


You had 5 spell levels left.
You knew the following spells:

 Your Spells              Type           Power      Damage    Failure   Level
a - Foxfire               Conj/Fire      40%        2x1d6     6%          1

Your spell library contained the following spells:

 Spells                   Type           Power      Damage    Failure   Level
 Scorch                   Fire           26%        2d6       8%          2
 Inner Flame              Hex/Fire       7%         N/A       28%         3
 Volatile Blastmotes      Fire/Tloc      14%        2d11      28%         3
 Flame Wave               Conj/Fire      10%        2d6       54%         4


Dungeon Overview and Level Annotations

Branches:
Dungeon (2/15)

Altars:


Innate Abilities, Weirdness & Mutations

You are immune to sickness and miasma.
Your stone body is resilient. (AC +3)
You are immune to poison.
You resist negative energy. (rN+)
You are resistant to electric shocks. (rElec)
You are resistant to unholy torment.
You are immune to petrification.


Message History

An orc comes into view.
It is wielding a +2 flail of protection.
You conjure some foxfire!
The orc shouts!
The foxfire hits the orc wizard.
The orc wizard is moderately wounded.
The orc priest misses you.
The foxfire hits the orc wizard.
The orc wizard is heavily wounded.
The orc priest calls upon Beogh to heal the orc wizard.
The orc wizard is healed somewhat.
You conjure some foxfire!
An orc comes into view. It is wielding a +0 short sword.
The orc wizard closely misses you.
The orc priest hits you with a +0 flail.
The foxfire hits the orc wizard.
The orc wizard is moderately wounded.
The foxfire hits the orc wizard.
The orc wizard is moderately wounded.
The orc priest hits you with a +0 flail.
The orc wizard barely misses you.
You are too injured to fight recklessly!
The orc wizard hits you but does no damage.
The orc priest hits you but does no damage.
Casting: Foxfire (safe; 6% risk of failure)
Press: ? - help, Q - select action Dir - look around, f - activate You conjure some foxfire!
The foxfire hits the orc wizard.
The orc wizard is heavily wounded.
The foxfire hits the orc wizard.
The orc wizard is severely wounded.
The orc priest calls upon Beogh to heal the orc wizard.
The orc wizard is healed somewhat.
The orc wizard mumbles some strange words.
The orc wizard flickers and vanishes!
Deactivating autopickup; reactivate with Ctrl-A.
The orc attacks as it pursues you! The orc misses you.
The orc priest calls down the wrath of Beogh upon you.
Beogh smites you!
Ouch! That really hurt!
You die...

.....).#.#.#...#.#.#..###
.........#...#..(#...##
.......#...#.#.#...###
.......#...#.#.#...#
.........#...#...#...#
.......#.#.#...#.#.### ######
.......############# #...>.#
......).#.......######.(.....
........#.###<..@.o..o.......
#+####..#.######.####o.......
#.##..####..# #.o......
#..#.......## #........
##....###### #.)......
#......## ##.......
###.....#### ...!...
###......# ....... ##.....#
.......


You could see an orc priest and 2 orcs.

Vanquished Creatures
  4 dart slugs
  An orc (D:2)
  5 bats (D:1)
  3 endoplasms
  2 hobgoblins (D:1)
  4 kobolds
  2 quokkas (D:1)
  3 ball pythons (D:1)
  2 frilled lizards (D:1)
  3 goblins
  3 rats
32 creatures vanquished.

Vanquished Creatures (others)
  151 foxfires
151 creatures vanquished.

Grand Total: 183 creatures vanquished

Notes
Turn   | Place    | Note
-------+----------+-------------------------------------------
     0 | D:1      | retardedninja the Gargoyle Fire Elementalist began the
                  | quest for the Orb.
     0 | D:1      | Reached XP level 1. HP: 10/10 MP: 3/3
   125 | D:1      | Reached XP level 2. HP: 4/16 MP: 0/5
   724 | D:1      | Reached skill level 1 in Fighting
   724 | D:1      | Reached XP level 3. HP: 20/20 MP: 0/6
  1554 | D:2      | Killed from afar by an orc priest

Illustrated notes

Levels and vault maps discovered:
D:1:      nicolae_arrival_washed_ashore, layout_rooms, st_stairs_4,
          nicolae_concentric_dashed_squares_mild, grunt_decor_cap,
          minmay_ruptured
D:2:      layout_rooms, corner_web_ring, chequers_mini_garden,
          serial_bayou_pond_a, minmay_misc_feat_alley, kennysheep_generic_room_9

Skill      XL: |  1  2 |
---------------+-------+-----
Fighting       | 1 |  1.2
Dodging        | |  1.5
Stealth        | |  2.2
Spellcasting   | |  2.3
Conjurations   | |  1.9
Fire Magic     | |  3.3
Air Magic      | |  0.8

Action                     || total
---------------------------++-------
  Melee: Spear             ||     9
   Cast: Foxfire           ||    88
    Use: Potion            ||     1
 Armour: Robe              ||    48
  Dodge: Dodged            ||    39

Table legend: (Time is in decaauts)
 A = Elapsed time spent in this place.
 B = Non-inter-level travel time spent in this place.
 C = Inter-level travel time spent in this place.
 D = Time resting spent in this place.
 E = Time spent auto-exploring this place.
 F = Levels seen in this place.
 G = Mean time per level.
                   A        B        C        D        E       F      G
               +--------+--------+--------+--------+--------+-----+--------+
         Total |   1554 |   1529 |     25 |      0 |   1207 |   2 |  777.0 |
       Dungeon |   1554 |   1529 |     25 |      0 |   1207 |   2 |  777.0 |
               +--------+--------+--------+--------+--------+-----+--------+

Top non-repeatable levels by time:
     D:1: 1230 daAuts
     D:2: 323 daAuts
